 Dungeon Crawl Stone Soup version 0.19.1-1-g22dce08 (webtiles) character file.

427 Gargoyl the Skirmisher (level 6, -11/53 HPs)
             Began as a Ghoul Abyssal Knight on Dec 30, 2016.
             Was a Believer of Lugonu.
             Killed by divine providence
             ... invoked by an orc priest
              (14 damage)
             ... on level 4 of the Dungeon.
             The game lasted 00:10:48 (3944 turns).

Gargoyl the Skirmisher (Ghoul Abyssal Knight)       Turns: 3944, Time: 00:10:49

Health: -11/53     AC: 13    Str: 16    XL:     6   Next: 97%
Magic:  7/7        EV:  5    Int:  7    God:    Lugonu [**....]
Gold:   123        SH:  0    Dex: 10    Spells: 0 memorised, 5 levels left

rFire  . . .     SeeInvis .     a - +1 hand axe
rCold  + . .     Gourm    .     d - +0 plate armour
rNeg   + + +     Faith    .     (no shield)
rPois  ∞         Spirit   .     (no helmet)
rElec  .         Reflect  .     (no cloak)
rCorr  .         Harm     .     (no gloves)
MR     .....                    n - +1 pair of boots
Stlth  ..........               (no amulet)
                                (no ring)
                                (no ring)

@: confused, flying, rotting
A: rotting body, claws 1, carnivore 3, cold resistance 1, negative energy
resistance 3, slow regeneration 1, torment resistance, unbreathing
a: Depart the Abyss, Bend Space, Renounce Religion


You were on level 4 of the Dungeon.
You worshipped Lugonu.
Lugonu was pleased with you.
You were not hungry.

You visited 1 branch of the dungeon, and saw 5 of its levels.
You visited the Abyss 1 time.

You collected 123 gold pieces.

Inventory:

Hand Weapons
 a - a +1 hand axe (weapon)
 h - a +1 spear of freezing
Armour
 d - a +0 plate armour (worn)
 j - a +2 cloak
 n - a +1 pair of boots (worn)
Jewellery
 g - an uncursed amulet of harm {unknown}
 m - an uncursed ring of poison resistance {unknown}
Scrolls
 b - 3 scrolls of remove curse {unknown}
Potions
 l - a potion of cure mutation
Comestibles
 c - 2 meat rations


   Skills:
 + Level 4.7 Fighting
 + Level 3.8 Axes
 * Level 3.9 Armour
 + Level 1.0 Dodging
 * Level 3.5 Invocations


You had 5 spell levels left.
You didn't know any spells.

Dungeon Overview and Level Annotations

Branches:
Dungeon (5/15)
 Temple: D:4-7

Altars:
Okawaru
Xom
Zin

Annotations:
D:3 Elizilla's ghost, amateur TrMo


Innate Abilities, Weirdness & Mutations

Your body is rotting away.
You thrive on raw meat.
You are immune to poison.
You have sharp fingernails.
You are carnivorous and can eat meat at any time.
Your flesh is cold resistant. (rC+)
You are immune to negative energy. (rN+++)
You regenerate slowly when monsters are visible.
You are immune to unholy pain and torment.
You can survive without breathing.


Message History

You miss the orc wizard. You hit the orc priest.
The orc priest hits you but does no damage.
The orc priest begins to cast a cantrip, but forgets the words!
The orc wizard hits you but does no damage.
Unknown command.
You hit the orc priest but do no damage.
The orc priest is heavily wounded.
You hit the orc priest.
You hit the orc wizard but do no damage.
The orc priest hits you but does no damage.
The orc priest calls upon Beogh to heal the orc wizard.
The orc wizard is healed somewhat.
The orc wizard hits you but does no damage.
You closely miss the orc wizard.
The orc wizard is heavily wounded.
You hit the orc priest but do no damage.
You hit the orc priest.
The orc priest calls down the wrath of Beogh upon you.
Beogh smites you!
You die...

...##.######........#....#
..o######.....#'#####....#
...o....#.....#....#######
...#....#.....#....##....#
...#....#.....#.....#....#
...#....#.....'.....#....#
...#...oo.....#.....#....#
...#....#.....#oo...'....#
...##...#.....##@o.##....#
######'##......#...##....#
#...#......#.<.##....#
#...#......#...##....#
#...#......#.........#
#...#......#.........#
#...#...)).#.........#
#####......###########
########


You could see 2 orc priests and an orc wizard.

Vanquished Creatures
  A scorpion (D:4)
  A bullfrog skeleton (D:4)
  A centaur skeleton (D:4)
  2 orc priests
  An orc wizard (D:4)
  A worker ant (D:4)
  5 gnolls
  7 adders
  An ooze (D:2)
  A worm (D:2)
  5 dart slugs
  2 leopard geckos
  9 orcs
  2 goblins
  10 hobgoblins
  11 kobolds
  4 quokkas
  2 bats (D:2)
  4 frilled lizards (D:2)
  24 rats
94 creatures vanquished.

Notes
Turn   | Place    | Note
-------+----------+-------------------------------------------
     0 | Abyss:1  | Gargoyl the Ghoul Abyssal Knight began the quest for the Orb.
     0 | Abyss:1  | Reached XP level 1. HP: 19/19 MP: 1/1
     3 | Abyss:1  | Found a corrupted altar of Lugonu.
    43 | D:1      | Escaped the Abyss
   197 | D:1      | Reached * piety under Lugonu
   197 | D:1      | Reached XP level 2. HP: 21/26 MP: 2/2
   441 | D:2      | Reached XP level 3. HP: 26/33 MP: 3/3
   467 | D:2      | Reached skill level 4 in Fighting
   768 | D:1      | Reached XP level 4. HP: 37/38 MP: 5/5
  2020 | D:2      | Reached ** piety under Lugonu
  2022 | D:2      | Reached XP level 5. HP: 44/45 MP: 6/6
  2223 | D:3      | Noticed Elizilla's ghost (amateur TrMo)
  3018 | D:4      | Reached XP level 6. HP: 46/53 MP: 7/7
  3208 | D:5      | Entered Level 5 of the Dungeon
  3208 | D:5      | Found an iron altar of Okawaru.
  3209 | D:5      | Found a shimmering altar of Xom.
  3221 | D:5      | Found a glowing silver altar of Zin.
  3498 | D:4      | Reached skill level 1 in Dodging
  3932 | D:4      | HP: 2/53 [orc priest/divine providence (10)]
  3944 | D:4      | Killed from afar by an orc priest

Skill      XL: |  1  2  3  4  5  6 |
---------------+-------------------+-----
Armour         | 2 3 |  3.9
Fighting       | 4 |  4.7
Axes           | 2 3 |  3.8
Invocations    | 3 |  3.5
Dodging        | 1 |  1.0

Action                   |  1- 3 |  4- 6 || total
-------------------------+-------+-------++-------
Melee: Hand axe          |    74 |   277 ||   351
       Spear             |       |    26 ||    26
Invok: Depart the Abyss  |     1 |       ||     1
  Use: Scroll            |       |     3 ||     3
       Potion            |       |     6 ||     6
  Eat: Chunk             |     7 |    45 ||    52
Armor: Plate armour      |    50 |   313 ||   363
Dodge: Dodged            |    27 |    85 ||   112
